 Dungeon Crawl Stone Soup version 0.28.0-45-g0d030f2227 (webtiles) character file.

Game seed: 9882002684928613189

45 seaoflcl the Cudgeller (level 3, -1/29 HPs)
             Began as a Human Chaos Knight on Apr 10, 2022.
             Was a Plaything of Xom.
             Slain by a hobgoblin (3 damage)
             ... led by Robin
             ... on level 1 of the Dungeon.
             The game lasted 00:02:28 (1320 turns).

seaoflcl the Cudgeller (Human Chaos Knight)         Turns: 1320, Time: 00:02:28

Health: -1/29      AC:  5    Str: 14    XL:     3   Next: 90%
Magic:  3/3        EV: 11    Int: 12    God:    Xom [..*...]
Gold:   60         SH:  0    Dex: 12    Spells: 2/2 levels left

rFire   . . .      SeeInvis .   a - +0 mace (chaos)
rCold   . . .      Faith    .   (no shield)
rNeg    . . .      Spirit   .   b - +2 leather armour
rPois   .          Reflect  .   (no helmet)
rElec   .          Harm     .   (no cloak)
rCorr   .          Rampage  .   (no gloves)
Will    .....                   (no boots)
Stlth   +.........              (no amulet)
HPRegen 0.09/turn               (no ring)
MPRegen 0.08/turn               (no ring)

@: no status effects
A: no striking features
a: Renounce Religion


You were on level 1 of the Dungeon.
You worshipped Xom.
You were a toy of Xom.
You visited 1 branch of the dungeon, and saw 2 of its levels.

You collected 60 gold pieces.

Inventory:

Hand Weapons
 a - a +0 mace of chaos (weapon)
Armour
 b - a +2 leather armour (worn)
Scrolls
 c - a scroll of blinking {unknown}
 e - a scroll of identify {unknown}
Potions
 d - a potion of degeneration {unknown}
 f - a potion of curing {unknown}
 g - a potion of mutation {unknown}


   Skills:
 + Level 3.4 Fighting
 + Level 3.7 Maces & Flails
 + Level 2.1 Armour
 + Level 1.6 Dodging
 + Level 0.4 Stealth


You had 2 spell levels left.
You didn't know any spells.
Your spell library was empty.

Dungeon Overview and Level Annotations

Branches:
Dungeon (2/15)

Altars:

Shops:
D:1 :

Annotations:
D:2 Robin


Message History

There is a stone staircase leading down here.
You closely miss the hobgoblin. The goblin hits you but does no damage.
The hobgoblin closely misses you.
You hit the hobgoblin but do no damage.
Lightning courses through the hobgoblin!
You kill the hobgoblin!
The goblin barely misses you. The goblin hits you but does no damage.
The goblin hits you but does no damage.
You hit the goblin.
The goblin seems to speed up.
Xom is highly amused!
The goblin is heavily wounded.
The goblin hits you but does no damage.
You hit the goblin. You burn the goblin.
You kill the goblin!
There is a stone staircase leading down here.
You climb downwards.
Level annotation: Robin The hobgoblin shouts!
The goblin closely misses you.
Robin roars a battlecry!
The goblins go into a battle-frenzy!
The goblin hits you but does no damage. The goblin hits you with a +0 mace.
You hear a shout!
There is a stone staircase leading up here.
Robin flexes a bicep menacingly.
Robin hits you from afar with a +2 vampiric spear.
The goblin closely misses you. The hobgoblin hits you.
The goblin closely misses you.
You climb upwards.
There is a stone staircase leading down here.
You hit the goblin. You burn the goblin.
You kill the goblin!
The hobgoblin completely misses you. The goblin hits you with a +0 mace.
Things that are here:
a +0 club; a goblin corpse You barely miss the goblin.
The hobgoblin barely misses you. The goblin hits you with a +0 mace!
* * * LOW HITPOINT WARNING * * *
The hobgoblin hits you.
You die...

#..#..# ###..####.# ##)## ......#
#.......#.## #...# .###.##
#.#..#...(.# #...#
.###.####.#..#..#..# #...#
#..)......#.......[#### #...#
≈###......#.).........####...####
≈≈##......#.##....)##............
..'.............gg...........###'
###.......#.###.@)###....##..#8..
#..#......#.###...###...####.##.#
##.########..............##..#8.#
##.######...####.####........##.#
.......##........# #.########8..
##.###.##...###### #.#8#8#8#8#..
##.# #.....## ##.#.......... ...#
####### #..'.#####...< ####
#..#..........


You could see a hobgoblin (strong) and a goblin (strong).

Vanquished Creatures
  An adder (D:2)
  A dart slug (D:1)
  2 ball pythons (D:1)
  5 bats (D:1)
  2 endoplasms
  A giant cockroach (D:1)
  4 goblins (D:1)
  A hobgoblin (D:1)
  5 jackals (D:1)
  3 kobolds (D:1)
  2 quokkas (D:1)
  3 frilled lizards (D:1)
  2 rats (D:1)
32 creatures vanquished.

Vanquished Creatures (others)
  A bat (D:1)
  A rat (D:1)
2 creatures vanquished.

Grand Total: 34 creatures vanquished

Notes
Turn   | Place    | Note
-------+----------+-------------------------------------------
     0 | D:1      | seaoflcl the Human Chaos Knight began the quest for the
                  | Orb.
     0 | D:1      | Reached XP level 1. HP: 18/18 MP: 1/1
    30 | D:1      | Found a faded altar of an unknown god.
   171 | D:1      | Reached XP level 2. HP: 20/24 MP: 2/2
   189 | D:1      | XOM: potion effect (might)
   335 | D:1      | Found Quecseq's Book Shop.
   513 | D:1      | Reached XP level 3. HP: 29/29 MP: 3/3
   533 | D:1      | XOM: potion effect (invisibility)
   638 | D:1      | XOM: silly message
  1129 | D:2      | Noticed Robin
  1138 | D:1      | XOM: silly message
  1320 | D:1      | Slain by a hobgoblin

Illustrated notes

Levels and vault maps discovered:
D:1:      heliophobic_arrival_ceremonial_halls, layout_loops_cross,
          serial_shops, nicolae_shop_hallway_plus,
          ebering_ecumenical_altar_petrified, lemuel_flame_loot_1
D:2:      layout_rooms, basic_altar, uniq_robin, uniq_crazy_yiuf_cottage

Action                   || total
-------------------------++-------
Melee: Mace              ||   106
       Punch             ||     1
 Stab: Confused          ||     1
       Sleeping          ||     1
       Invisible         ||     2
Armor: Leather armour    ||    53
Dodge: Dodged            ||   103
